 Dungeon Crawl Stone Soup version 0.20.1-1-g8b1a95d66d (webtiles) character file.

224 4FPSwarrior the Skirmisher (level 5, -8/43 HPs)
             Began as a Demonspawn Abyssal Knight on Nov 19, 2017.
             Was a Follower of Lugonu.
             Killed by divine providence
             ... invoked by an orc priest
              (12 damage)
             ... on level 3 of the Dungeon.
             The game lasted 00:11:41 (2913 turns).

4FPSwarrior the Skirmisher (DsAK)                   Turns: 2913, Time: 00:11:42

Health: -8/43      AC:  5    Str: 16    XL:     5   Next: 67%
Magic:  7/7        EV: 12    Int: 13    God:    Lugonu [*.....]
Gold:   89         SH:  0    Dex: 12    Spells: 4/4 levels left

rFire    . . .     SeeInvis .   a - +1 falchion
rCold    . . .     Gourm    .   (no shield)
rNeg     . . .     Faith    .   b - +1 leather armour
rPois    .         Spirit   .   (no helmet)
rElec    .         Reflect  .   (no cloak)
rCorr    .         Harm     .   (no gloves)
MR       .....                  q - +0 pair of boots
Stlth    +.........             (no amulet)
Regen    0.2/turn               h - +2 ring of strength
MPRegen  0.1/turn               (no ring)

@: no status effects
A: talons 1
a: Depart the Abyss, Renounce Religion


You were on level 3 of the Dungeon.
You worshipped Lugonu.
Lugonu was aware of your devotion.
You were not hungry.

You visited 1 branch of the dungeon, and saw 4 of its levels.
You visited the Abyss 1 time.

You collected 89 gold pieces.

Inventory:

Hand Weapons
 a - a +1 falchion (weapon)
Missiles
 r - 6 curare-tipped needles
Armour
 b - a +1 leather armour (worn)
 q - a +0 pair of boots (worn)
Jewellery
 h - a +2 ring of strength (left hand)
Scrolls
 d - a scroll of identify
 e - a scroll of teleportation
 g - a scroll of noise {unknown}
 n - 2 scrolls of blinking
Potions
 f - a potion of degeneration
 i - a potion of might
 p - a potion of curing
Comestibles
 c - a bread ration
 j - a chunk of flesh
 o - a meat ration


   Skills:
 * Level 4.4 Fighting
 + Level 3.3 Long Blades
 + Level 2.7 Armour
 + Level 1.8 Dodging
 + Level 0.6 Stealth
 + Level 2.7 Invocations


You had 4 spell levels left.
You didn't know any spells.

Dungeon Overview and Level Annotations

Branches:
Dungeon (4/15)
 Temple: D:4-7

Altars:
Qazlal

Annotations:
D:3 koes007's ghost, amateur HOFi


Innate Abilities, Weirdness & Mutations

You have sharp toenails.


Message History

The orc priest is moderately wounded.
The orc priest invokes the aid of Beogh against you.
Pain shoots through your body!
You hit the orc priest.
The orc priest is heavily wounded.
The orc priest mumbles some strange prayers to Beogh against you.
Beogh smites you!
You hit the orc priest.
The orc priest is severely wounded.
The orc priest hits you with a club.
* * * LOW HITPOINT WARNING * * *
You hit the orc priest but do no damage.
The orc priest is severely wounded.
The orc priest completely misses you.
The orc priest calls down the wrath of Beogh upon you.
Pain shoots through your body!
* * * LOW HITPOINT WARNING * * *
The orc priest invokes the aid of Beogh against you.
Beogh smites you!
You die...

##.##.## .......
#.##.#.## .. #..#.#..#
. #..#.##.###.
##.o..##<##..#
#..#o.##.##.####
#o##..##.......#
#o###..@.......# #)#
#.##...>...# #o#
#.###......#
....o....##.###......#
...o.....##.##.......#
.........##.##.......#
..o......##..........#
.#.####.###..#.......#
..r #.# #..#.......#


You could see an orc priest and an orc.

Vanquished Creatures
  3 orc wizards (D:4)
  Terence (D:2)
  Jessica (D:2)
  4 adders
  2 worms
  A dart slug (D:2)
  2 leopard geckos (D:2)
  2 orcs (D:3)
  A bat (D:2)
  7 giant cockroaches
  4 goblins
  3 hobgoblins (D:2)
  2 jackals (D:4)
  A quokka (D:2)
  3 ball pythons (D:2)
  3 frilled lizards
  3 kobolds
  A rat (D:3)
44 creatures vanquished.

Notes
Turn   | Place    | Note
-------+----------+-------------------------------------------
     0 | Abyss:1  | 4FPSwarrior the Demonspawn Abyssal Knight began the quest for the Orb.
     0 | Abyss:1  | Reached XP level 1. HP: 18/18 MP: 2/2
    41 | Abyss:1  | Noticed a chaos spawn
    42 | Abyss:1  | Noticed a raiju
    64 | D:1      | Escaped the Abyss
   418 | D:1      | Reached skill level 1 in Dodging
   421 | D:1      | Gained mutation: You have sharp toenails. [demonic ancestry]
   421 | D:1      | Reached XP level 2. HP: 22/24 MP: 3/3
   982 | D:2      | Reached * piety under Lugonu
  1055 | D:2      | Reached XP level 3. HP: 24/29 MP: 4/4
  1104 | D:2      | Noticed Terence
  1131 | D:2      | HP: 1/29 [Terence/mace (5)]
  1132 | D:2      | Killed Terence
  1430 | D:2      | Noticed Jessica
  1632 | D:1      | Reached XP level 4. HP: 33/37 MP: 6/6
  1672 | D:2      | Killed Jessica
  1672 | D:2      | Reached skill level 4 in Fighting
  1831 | D:2      | Found a stormy altar of Qazlal.
  2191 | D:3      | Noticed koes007's ghost (amateur HOFi)
  2318 | D:4      | Reached XP level 5. HP: 9/42 MP: 7/7
  2320 | D:4      | HP: 2/42 [orc wizard/magic dart (5)]
  2913 | D:3      | Killed from afar by an orc priest

Skill      XL: |  1  2  3  4 |
---------------+-------------+-----
Long Blades    | 2 3 |  3.3
Dodging        | 1 |  1.8
Armour         | 2 |  2.7
Fighting       | 4 |  4.4
Stealth        | |  0.6
Invocations    | |  2.7

Action                   |  1- 3 |  4- 6 || total
-------------------------+-------+-------++-------
Melee: Falchion          |    84 |    79 ||   163
       Kick              |    11 |     1 ||    12
Invok: Depart the Abyss  |     1 |       ||     1
  Use: Potion            |     2 |     2 ||     4
       Scroll            |       |     7 ||     7
  Eat: Chunk             |     2 |     4 ||     6
Armor: Leather armour    |    15 |    16 ||    31
Dodge: Dodged            |    63 |    42 ||   105
       Rpst.: Falchion   |    12 |    16 ||    28
